 Dungeon Crawl Stone Soup version 0.31-a0-237-g2d982f9f85 (webtiles) character file.

Game seed: 12283091106305846243

44134 Iniera the Severer (level 13, -2/104 HPs)
             Began as a Demonspawn Brigand on July 12, 2023.
             Was the Champion of Uskayaw.
             Slain by a snapping turtle (18 damage)
             ... on level 5 of the Lair of Beasts.
             The game lasted 00:17:53 (15029 turns).

Iniera the Severer (Demonspawn Brigand)            Turns: 15029, Time: 00:17:53

Health: -2/104     AC: 30    Str: 24    XL:     13   Next: 94%
Magic:  0/20       EV: 12    Int: 16    God:    Uskayaw [******]
Gold:   730        SH:  0    Dex: 11    Spells: 12/12 levels left

rFire   . . .        a - +1 executioner's axe of the Wheel {elec, rElec rPois Str+4 Int+3}
rCold   + + .        (shield currently unavailable)
rNeg    + . .        c - +0 crystal plate armour
rPois   +            j - +2 helmet
rElec   +            w - +1 cloak "Xupp" {Rampage rN+ Str+3 Slay+2}
rCorr   .            (no gloves)
SInv    .            (boots unavailable)
Will    .....        h - amulet of guardian spirit Stlth
                     y - +4 ring of slaying
HPRegen 0.37/turn    x - ring "Erav" {rElec rC++ EV+5 Dex-3 Slay+5}
MPRegen 0.17/turn

%: guardian spirit, rampage
@: mighty, marked, frozen, mesmerised, studying Armour, invisible, very slow
A: hooves 3, molten scales 1, powered by pain 1, demonic magic 2
a: Renounce Religion, Stomp, Line Pass, Grand Finale


You were on level 5 of the Lair of Beasts.
You worshipped Uskayaw.
Uskayaw was aware of your devotion.
You visited 3 branches of the dungeon, and saw 15 of its levels.
You also visited: Bailey.

You collected 1068 gold pieces.
You spent 338 gold pieces at shops.

Inventory:

Hand Weapons
 a - the +1 executioner's axe of the Wheel (weapon) {elec, rElec rPois Str+4 Int+3}
   (You acquired it in a bailey)

   Str:       It affects your strength (+4).
   Int:       It affects your intelligence (+3).
   rElec:     It insulates you from electricity.
   rPois:     It protects you from poison.
 b - a +2 vampiric morningstar
Missiles
 d - 17 poisoned darts (quivered)
 k - 5 atropa-tipped darts
 z - 4 curare-tipped darts
Armour
 c - a +0 crystal plate armour (worn)
 j - a +2 helmet (worn)
 w - the +1 cloak "Xupp" (worn) {Rampage rN+ Str+3 Slay+2}
   (You found it on level 6 of the Dungeon)

   Str:       It affects your strength (+3).
   Slay:      It affects your accuracy & damage with ranged weapons and melee
   (+2).
   rN:        It protects you from negative energy.
   Rampage:   It bestows one free step when moving towards enemies.
Jewellery
 h - an amulet of guardian spirit (around neck)
 p - a ring of protection from cold
 x - the ring "Erav" (right hand) {rElec rC++ EV+5 Dex-3 Slay+5}
   (You found it on level 4 of the Lair of Beasts)

   [ring of evasion]

   EV:        It affects your evasion (+5).
   Dex:       It affects your dexterity (-3).
   Slay:      It affects your accuracy & damage with ranged weapons and melee
   (+5).
   rC:        It greatly protects you from cold.
   rElec:     It insulates you from electricity.
 y - a +4 ring of slaying (left hand)
 B - a ring of flight
 K - a +4 ring of slaying
Wands
 t - a wand of light (3)
 u - a wand of flame (3)
 v - a wand of charming (20)
 A - a wand of polymorph (6)
 E - a wand of digging (7)
Scrolls
 f - 4 scrolls of teleportation
 g - 4 scrolls of blinking
 o - 2 scrolls of torment {unknown}
 N - a scroll of immolation
Potions
 e - 2 potions of heal wounds
 i - 2 potions of might
 l - 2 potions of cancellation
 m - a potion of mutation
 n - a potion of ambrosia
 q - 2 potions of enlightenment
 r - 3 potions of invisibility
 s - 8 potions of curing {unknown}
 C - 4 potions of lignification {unknown}
 D - 3 potions of berserk rage
 G - 2 potions of attraction {unknown}
 J - 3 potions of brilliance


   Skills:
 + Level 10.6 Fighting
 - Level 1.7 Short Blades
 * Level 15.2 Axes
 - Level 2.0 Throwing
 - Level 12.4 Armour
 - Level 6.3 Dodging
 - Level 4.0 Stealth
 - Level 10.0 Invocations


You had 12 spell levels left.
You didn't know any spells.
Your spell library contained the following spells:

 Spells                   Type           Power      Damage    Failure   Level
 Shock                    Conj/Air       0%         1d3       100%        1
 Cigotuvi's Dreadful Rot  Necr/Pois/Air  0%         N/A       100%        2
 Lesser Beckoning         Tloc           0%         N/A       100%        2
 Gell's Gravitas          Tloc           0%         N/A       100%        3
 Ignite Poison            Fire/Tmut/Pois 0%         N/A       100%        3
 Mephitic Cloud           Conj/Pois/Air  0%         N/A       100%        3
 Portal Projectile        Hex/Tloc       0%         N/A       100%        3
 Summon Guardian Golem    Hex/Summ       0%         N/A       100%        3
 Swiftness                Air            0%         N/A       100%        3
 Teleport Other           Tloc           0%         N/A       100%        3
 Tukima's Dance           Hex            0%         N/A       100%        3
 Airstrike                Air            0%         2d(0-16)  100%        4
 Blade Hands              Tmut           0%         N/A       100%        5
 Freezing Cloud           Conj/Ice/Air   0%         6-21      100%        5
 Summon Forest            Summ/Tloc      0%         N/A       100%        5
 Dispersal                Tloc           0%         N/A       100%        6
 Eringya's Noxious Bog    Tmut/Pois      0%         4d6       100%        6
 Orb of Destruction       Conj           0%         9d5       100%        7
 Spellforged Servitor     Conj/Summ      0%         N/A       100%        7
 Storm Form               Tmut/Air       0%         N/A       100%        7
 Summon Hydra             Summ           0%         N/A       100%        7


Dungeon Overview and Level Annotations

Branches:
Dungeon (9/15)             Temple (1/1) D:4            Lair (5/5) D:8
  Swamp (0/4) Lair:3        Snake (0/4) Lair:3       Bailey (visited)
  Slime: Lair:4-5       Orc: D:9-12

Altars:
Ashenzari
Cheibriados
Dithmenos
Fedhas
Gozag
Hepliaklqana
Kikubaaqudgha
Makhleb
Nemelex Xobeh
Okawaru
Qazlal
Ru
Sif Muna
Trog
Uskayaw
Vehumet
Wu Jian
Xom
Yredelemnul

Shops:
D:3 :((   D:4 =   D:5 (   D:7 *


Innate Abilities, Weirdness & Mutations

You have hooves in place of feet.
You are partially covered in molten scales. (AC +2)
You sometimes gain a little power by taking damage.
Spells you cast may paralyse nearby enemies.


Message History

* * * LOW HITPOINT WARNING * * *
You are encased in ice.
The skyshark bites you but does no damage.
The skyshark tail-slaps you but does no damage. x2
The rime drake misses you.
The merfolk avatar chants its luring song.
The snapping turtle barely misses you.
You feel much better. The skyshark bites you. The skyshark barely misses you.
The skyshark closely misses you.
The manticore flicks its tail.
The volley of spikes hits the snapping turtle but does no damage.
The rime drake bites you but does no damage.
The dream sheep bites you but does no damage.
The rime drake closely misses you.
The merfolk avatar chants its luring song.
The snapping turtle bites you but does no damage.
You feel much better. The ice encasing you melts away. The skyshark bites you!!
You focus on the pain.
You feel very mighty all of a sudden.
The skyshark tail-slaps you but does no damage.
The skyshark barely misses you.
The rime drake bites you but does no damage.
The manticore flicks its tail.
The volley of spikes hits the snapping turtle but does no damage.
The manticore flicks its tail.
The volley of spikes hits the manticore!!
The dream sheep are wreathed in dream dust.
You feel drowsy...
You fall asleep.
The dream sheep bites you but does no damage.
The rime drake breathes ice at you. The icy flash freeze hits you!
You partially resist.
You wake up.
* * * LOW HITPOINT WARNING * * *
You are encased in ice.
The skyshark bites you!
* * * LOW HITPOINT WARNING * * *
The skyshark tail-slaps you but does no damage. x2
The merfolk avatar chants its luring song.
The snapping turtle bites you!!
You die...

........##.## ##.#.##
P...#P......# #.....##
#P.......#...# ....(.###
......#.†(.............#
.....####.##.#.#P.......
.....P# .## ####†~~.~.~k
.....#### #####~~# ~~#
......#####...#†[#~P~#~~
÷........##....Y@thm~~~~
..#......##...YklkHH~~~.
÷#..........#YY#h##h####
÷............Y#.h# F#
#............P..SP~~m
#......##........~~~~t
......###........##~~~.
....).. ###...##~# ~#
....... .......~~


You could see a merfolk avatar (mesmerising), a skyshark (berserk), a snapping
turtle (skewered), 2 manticores, 2 polar bears, a black mamba, 2 rime drakes, 2
wolves and 5 dream sheep.

Vanquished Creatures
  Nessos (Lair:3)
  5 hydras
  2 two-headed ogres
  Urug (Lair:1)
  A skyshark (Lair:5)
  A sea snake (Lair:5)
  An oklob plant (Lair:4)
  A cyclops (D:9)
  4 elephants (Lair:3)
  12 black mambas
  Joseph (D:7)
  4 cane toads
  6 rime drakes
  Maggie (Lair:2)
  8 komodo dragons
  3 polar bears
  4 hornets
  17 blink frogs
  A snapping turtle (Lair:5)
  60 yaks
  6 basilisks
  7 wyverns
  2 steam dragons
  Grum (D:8)
  3 nagas (Lair:3)
  20 water moccasins
  5 sky beasts
  An ice beast (D:7)
  5 black bears
  14 orc warriors
  An ogre (D:4)
  13 wolves
  13 centaurs
  2 kobold brigands
  14 bullfrogs
  2 gnoll sergeants
  4 scorpions
  16 wights
  6 killer bees
  A howler monkey (D:9)
  An electric eel (D:9)
  4 hounds
  5 jellies
  4 orc priests
  4 iguanas
  Jessica (D:2)
  9 orc wizards
  A sleepcap (D:5)
  7 hell rats (Lair:4)
  15 gnolls
  16 adders
  A white imp (D:6)
  3 ufetubi
  An adder skeleton (D:2)
  6 worms
  45 orcs
  7 ball pythons
  4 bats
  2 bat skeletons (D:2)
  4 endoplasms
  10 giant cockroaches
  8 hobgoblins
  2 jackals (D:1)
  5 quokkas
  3 ball python zombies (D:2)
  5 frilled lizards
  14 goblins
  22 kobolds
  2 quokka skeletons (D:2)
  4 rats
485 creatures vanquished.

Vanquished Creatures (others)
  A centaur (Bailey)
  An orc wizard (D:5)
  3 orcs (Bailey)
5 creatures vanquished.

Grand Total: 490 creatures vanquished

Notes
Turn   | Place    | Note
-------+----------+-------------------------------------------
     0 | D:1      | Iniera the Demonspawn Brigand began the quest for the Orb.
     0 | D:1      | Reached XP level 1. HP: 16/16 MP: 1/1
    43 | D:1      | Reached skill level 1 in Dodging
   156 | D:1      | Gained mutation: You have large cloven feet. [demonic
                  | ancestry]
   156 | D:1      | Reached XP level 2. HP: 22/22 MP: 2/2
   290 | D:1      | Found a faded altar of an unknown god.
   681 | D:1      | Gained mutation: You have hoof-like feet. [demonic
                  | ancestry]
   681 | D:1      | Reached XP level 3. HP: 13/28 MP: 3/3
  1204 | D:2      | Noticed Jessica
  1211 | D:2      | Killed Jessica
  1212 | D:2      | Gained mutation: Spells you cast may paralyse adjacent
                  | enemies. [demonic ancestry]
  1212 | D:2      | Reached XP level 4. HP: 35/35 MP: 4/4
  1667 | D:3      | Found a sparkling altar of Nemelex Xobeh.
  1668 | D:3      | Found an iron altar of Okawaru.
  1757 | D:3      | Gained mutation: You sometimes gain a little power by
                  | taking damage. [demonic ancestry]
  1757 | D:3      | Reached XP level 5. HP: 41/42 MP: 5/5
  1796 | D:3      | Found Tosketri's Weapon Boutique.
  2108 | D:3      | Found Wip Xyst's Antique Weapon Emporium.
  2142 | D:3      | Found an ornate altar of the Wu Jian Council.
  2201 | D:3      | Found Wiozaoni's Book Shop.
  2774 | D:4      | Found a staircase to the Ecumenical Temple.
  2792 | Temple   | Entered the Ecumenical Temple
  2942 | Temple   | Became a worshipper of Uskayaw the Reveller
  3130 | D:4      | Found a blossoming altar of Fedhas.
  3137 | D:4      | Reached * piety under Uskayaw
  3279 | D:4      | Found a shimmering altar of Xom.
  3280 | D:4      | Found a shimmering altar of Xom.
  3281 | D:4      | Found a shimmering altar of Xom.
  3282 | D:4      | Found a shimmering altar of Xom.
  3282 | D:4      | Found a shimmering altar of Xom.
  3305 | D:4      | Noticed a water moccasin
  3307 | D:4      | Reached XP level 6. HP: 42/48 MP: 6/6
  3307 | D:4      | Reached ** piety under Uskayaw
  3311 | D:4      | Reached *** piety under Uskayaw
  3313 | D:4      | Killed a water moccasin
  3313 | D:4      | Reached **** piety under Uskayaw
  3314 | D:4      | Reached skill level 1 in Axes
  3314 | D:4      | Reached skill level 1 in Armour
  3314 | D:4      | Reached skill level 1 in Invocations
  3325 | D:4      | Reached skill level 2 in Axes
  3325 | D:4      | Reached ***** piety under Uskayaw
  3326 | D:4      | Reached XP level 7. HP: 28/54 MP: 6/8
  3452 | D:4      | Found a stormy altar of Qazlal.
  3744 | D:4      | Found Zitt's Jewellery Boutique.
  3770 | D:5      | Entered Level 5 of the Dungeon
  3784 | D:5      | Reached skill level 3 in Axes
  3997 | D:5      | Found Qenwupri's Antique Weapon Shoppe.
  4093 | D:5      | Found a burning altar of Makhleb.
  4121 | D:5      | Gained mutation: You are partially covered in molten
                  | scales. (AC +2) [demonic ancestry]
  4121 | D:5      | Reached XP level 8. HP: 48/60 MP: 8/11
  4273 | D:5      | Found a hazy altar of Hepliaklqana.
  4659 | D:6      | Reached skill level 5 in Dodging
  4661 | D:6      | Reached skill level 5 in Invocations
  4749 | D:6      | Identified the +1 cloak "Xupp" {Rampage rN+ Str+3 Slay+2}
  5251 | D:6      | Reached XP level 9. HP: 60/65 MP: 12/14
  5634 | D:7      | Found a flagged portal.
  5646 | Bailey   | Entered a bailey
  5678 | Bailey   | Reached skill level 5 in Armour
  5883 | Bailey   | Reached skill level 4 in Axes
  6199 | Bailey   | Reached skill level 5 in Axes
  6648 | Bailey   | Reached skill level 6 in Axes
  6784 | Bailey   | Reached XP level 10. HP: 68/72 MP: 16/16
  6833 | Bailey   | Acquired the +1 executioner's axe of the Wheel {elec, rElec
                  | rPois Str+4 Int+3}
  7007 | D:7      | Found Reqerhaupo's Fire Supplies.
  7013 | D:7      | Bought a +3 scale mail of fire resistance for 338 gold
                  | pieces
  7408 | D:7      | Noticed Joseph
  7415 | D:7      | Killed Joseph
  7416 | D:7      | Reached skill level 7 in Axes
  7902 | D:8      | Noticed Grum
  7910 | D:8      | Reached skill level 8 in Axes
  7915 | D:8      | Reached skill level 10 in Invocations
  7918 | D:8      | Reached ****** piety under Uskayaw
  7925 | D:8      | Found a staircase to the Lair.
  7927 | D:8      | Killed Grum
  8067 | D:8      | Got Sif Muna's Anthology of Xenomorphic Contamination
  8188 | D:8      | Gained mutation: Spells you cast may paralyse nearby
                  | enemies. [demonic ancestry]
  8188 | D:8      | Reached XP level 11. HP: 71/77 MP: 16/18
  8191 | D:8      | Reached skill level 9 in Axes
  8231 | D:8      | Noticed a two-headed ogre
  8236 | D:8      | Killed a two-headed ogre
  8785 | D:9      | Noticed a two-headed ogre
  8794 | D:9      | Killed a two-headed ogre
  9302 | D:9      | Reached skill level 10 in Axes
  9304 | D:9      | Reached skill level 5 in Fighting
  9305 | D:9      | Reached skill level 10 in Armour
  9652 | Lair:1   | Entered Level 1 of the Lair of Beasts
  9954 | Lair:1   | Noticed Urug
  9965 | Lair:1   | Reached skill level 11 in Axes
  9966 | Lair:1   | Killed Urug
  9967 | Lair:1   | Gained mutation: You have hooves in place of feet. [demonic
                  | ancestry]
  9967 | Lair:1   | Reached XP level 12. HP: 58/88 MP: 15/19
 10910 | Lair:2   | Noticed Maggie
 10917 | Lair:2   | Killed Maggie
 11097 | Lair:2   | Reached skill level 12 in Axes
 11297 | Lair:2   | Found the +8 whip "Snakebite" {venom, curare, rPois}
 12141 | Lair:3   | Noticed Nessos
 12144 | Lair:3   | Reached skill level 13 in Axes
 12149 | Lair:3   | Reached XP level 13. HP: 74/99 MP: 14/20
 12154 | Lair:3   | Killed Nessos
 12164 | Lair:3   | HP: 4/99 [poisoned by Nessos]
 12555 | Lair:3   | Found a staircase to the Swamp.
 12874 | Lair:3   | Found a staircase to the Snake Pit.
 13698 | Lair:4   | Reached skill level 14 in Axes
 13912 | Lair:4   | Identified the ring "Erav" {rElec rC++ EV+5 Dex-3 Slay+5}
 14637 | Lair:5   | Entered Level 5 of the Lair of Beasts
 14646 | Lair:5   | Reached skill level 10 in Fighting
 15007 | Lair:5   | Reached skill level 15 in Axes
 15025 | Lair:5   | HP: 4/104 [skyshark (4)]
 15029 | Lair:5   | Slain by a snapping turtle

Illustrated notes

Levels and vault maps discovered:
D:1:      lemuel_arrival_rhombus, layout_loops_cross,
          ebering_ecumenical_altar_hall, chequers_serial_rivers_micro_b,
          minmay_hexomino_u4
D:2:      minmay_kobold_bridge, layout_loops_ring, serial_undead,
          serial_undead_f, serial_undead_d, serial_undead_d, serial_undead_f,
          uniq_jessica
D:3:      minmay_roachtagon, layout_basic, mainiacjoe_overflow_small_starburst,
          mainiacjoe_overflow_divided_tiny, serial_shops,
          nicolae_shop_statue_plus, nicolae_shop_advertising_works
          [nicolae_subvault_shop_adworks], shop
D:4:      layout_loops_ring, xom_redecorated, nicolae_qazlal_beasts_of_the_sky,
          fedhas_altar_2, minmay_temple_entry_glass, serial_shops,
          nicolae_shop_crystal, minmay_misc_feat_alley, nrook_campfire
D:5:      layout_basic, lemuel_round_altar, bloody_makhleb, serial_shops,
          shop_fountains
D:6:      layout_cave_pods, nicolae_ossuary_entry_plus
D:7:      layout_loops_ring, enter_bailey_2, nicolae_shop_fire_sale
          [nicolae_sub_dead_trees], uniq_joseph
D:8:      layout_basic, minmay_lair_entry_grove, uniq_grum
D:9:      layout_basic, nicolae_wwwww, kennysheep_doodads,
          nicolae_kite_square_tiling_tiny
Temple:   compressed_dpeg_circular_temple
Lair:1:   layout_loops_ring, lemuel_fruit_tree, serial_bayou_shore_a,
          grunt_megastairs_1, uniq_urug
Lair:2:   minmay_guarded_unrand_snakebite, layout_cave_pods,
          guppyfry_lair_drakes, uniq_maggie
Lair:3:   layout_cave_pods, minmay_swamp_entry_reptiles,
          minmay_snake_entry_guardpost_small, lemuel_fruit_fields,
          grunt_megastairs_3, uniq_nessos
Lair:4:   layout_cave_pods, chequers_serial_rivers_micro_c
Lair:5:   gammafunk_lair_ancient_temple, layout_loops_ring, slime_entry_1

Skill      XL: |  1  2  3  4  5  6  7  8  9 10 11 12 13 |
---------------+----------------------------------------+-----
Dodging        | 1 2 3 4 6 |  6.3
Throwing       | 2 |  2.0
Stealth        | 4 |  4.0
Fighting       | 3 4 6 8 10 | 10.6
Axes           | 2 3 6 8 11 13 15 | 15.2
Armour         | 1 3 4 6 8 11 12 | 12.4
Invocations    | 2 4 6 8 10 | 10.0
Short Blades   | |  1.7

Action                     |  1- 3 |  4- 6 |  7- 9 | 10-12 | 13-15 || total
---------------------------+-------+-------+-------+-------+-------++-------
  Melee: Dagger            |    23 |       |       |       |       ||    23
         Halberd           |    76 |   103 |       |       |       ||   179
         Kick              |    11 |    28 |   104 |   102 |    56 ||   301
         War axe           |       |    32 |   284 |       |       ||   316
         Punch             |       |       |     5 |       |       ||     5
         Executioner's axe |       |       |       |   367 |   157 ||   524
         Morningstar       |       |       |       |       |    10 ||    10
  Throw: Dart              |       |       |     9 |       |       ||     9
 Invoke: Grand Finale      |       |       |       |       |     1 ||     1
  Evoke: Wand              |       |       |    12 |       |     1 ||    13
    Use: Scroll            |       |     6 |     3 |     1 |    12 ||    22
         Potion            |       |     1 |     2 |       |     4 ||     7
   Stab: Sleeping          |    10 |     8 |     1 |       |       ||    19
         Distracted        |       |     2 |       |       |       ||     2
         Paralysed         |       |     3 |    38 |    63 |    30 ||   134
 Armour: Robe              |    27 |    54 |     8 |       |       ||    89
         Scale mail        |       |       |   143 |       |       ||   143
         Crystal plate arm |       |       |   231 |   367 |   252 ||   850
  Dodge: Dodged            |    58 |    96 |   234 |   149 |   155 ||   692

Table legend: (Time is in decaauts)
 A = Elapsed time spent in this place.
 B = Non-inter-level travel time spent in this place.
 C = Inter-level travel time spent in this place.
 D = Time resting spent in this place.
 E = Time spent auto-exploring this place.
 F = Levels seen in this place.
 G = Mean time per level.
                   A        B        C        D        E       F      G
               +--------+--------+--------+--------+--------+-----+--------+
         Total |  15431 |  15066 |    365 |   1019 |  11125 |  16 |  964.4 |
       Dungeon |   8433 |   8183 |    250 |      0 |   6606 |   9 |  937.0 |
        Temple |    170 |    139 |     31 |      0 |    128 |   1 |  170.0 |
          Lair |   5484 |   5401 |     83 |    509 |   4095 |   5 | 1096.8 |
        Bailey |   1342 |   1342 |      0 |    510 |    294 |   1 | 1342.0 |
               +--------+--------+--------+--------+--------+-----+--------+

Top non-repeatable levels by time:
  Lair:2: 1532 daAuts
  Bailey: 1342 daAuts
  Lair:4: 1311 daAuts
  Lair:3: 1285 daAuts
     D:8: 1280 daAuts
  Lair:1: 1196 daAuts
     D:3: 1019 daAuts
     D:1: 992 daAuts
     D:4: 988 daAuts
     D:6: 925 daAuts
     D:9: 880 daAuts
     D:5: 877 daAuts
     D:7: 763 daAuts
     D:2: 705 daAuts
  Temple: 170 daAuts
